 Dungeon Crawl Stone Soup version 0.23.2-33-g5129a83184 (webtiles) character file.

Game seed: 7188363544984223582

82 dembora the Skirmisher (level 4, -5/40 HPs)
             Began as a Draconian Berserker on July 3, 2019.
             Was a Believer of Trog.
             Slain by an orc
             ... wielding a +0 war axe
              (6 damage)
             ... on level 2 of the Dungeon.
             The game lasted 00:09:17 (1836 turns).

dembora the Skirmisher (Draconian Berserker)        Turns: 1836, Time: 00:09:22

Health: -5/40      AC:  5    Str: 20    XL:     4   Next: 21%
Magic:  4/4        EV: 13    Int:  7    God:    Trog [**....]
Gold:   58         SH:  0    Dex: 11    Spells: 3/3 levels left

rFire    . . .     SeeInvis .   f - +2 spear (venom)
rCold    . . .     Gourm    .   (no shield)
rNeg     . . .     Faith    .   (armour unavailable)
rPois    .         Spirit   .   (helmet restricted)
rElec    .         Reflect  .   (no cloak)
rCorr    .         Harm     .   (no gloves)
MR       .....                  (no boots)
Stlth    ..........             (no amulet)
HPRegen  0.13/turn              k - ring of attention (curse)
MPRegen  0.09/turn              (no ring)

@: berserk cooldown, slowed, very slow
A: unfitting armour, cold-blooded, AC +5
a: Berserk, Trog's Hand, Renounce Religion


You were on level 2 of the Dungeon.
You worshipped Trog.
Trog was pleased with you.
You were not hungry.

You visited 1 branch of the dungeon, and saw 2 of its levels.

You collected 58 gold pieces.

Inventory:

Hand Weapons
 a - a +0 hand axe
 f - a +2 spear of venom (weapon)
 i - a +2 short sword of speed
Missiles
 j - 7 exploding tomahawks (quivered)
Jewellery
 k - a cursed ring of attention (left hand)
Scrolls
 c - 2 scrolls of teleportation
 d - a scroll of identify
Potions
 e - a potion of degeneration {unknown}
 g - a potion of heal wounds
 h - a potion of flight {unknown}
 l - a potion of curing {unknown}
 m - 2 potions of agility {unknown}
Comestibles
 b - 2 rations


   Skills:
 + Level 4.0 Fighting
 + Level 3.6 Axes
 + Level 0.2(2.2) Polearms
 + Level 3.6 Dodging
 + Level 0.3 Stealth


You had 3 spell levels left.
You didn't know any spells.
Your spell library was empty.

Dungeon Overview and Level Annotations

Branches:
Dungeon (2/15)

Altars:
Ashenzari


Innate Abilities, Weirdness & Mutations

Your plain brown scales are hard. (AC +5)
You cannot fit into any form of body armour.
You are cold-blooded and may be slowed by cold attacks.


Message History

a +0 morningstar; an orc corpse You feel a strong urge to attack something.
You are no longer berserk.
You are exhausted.
You feel yourself slow down. The orc hits you with a +0 dagger.
The orc hits you but does no damage.
The orc priest miscasts a cantrip.
You hit the orc.
The orc is poisoned.
Your tail-slap misses the orc.
The orc is severely wounded.
You kill the orc!
Trog accepts your kill.
Your Fighting skill increases to level 4!
You see here a +0 dagger.
The orc hits you with a +0 war axe!
* * * LOW HITPOINT WARNING * * *
The orc priest invokes the aid of Beogh against you.
Beogh smites you!
* * * LOW HITPOINT WARNING * * *
The orc hits you with a +0 war axe.
You die...

.#.#....###.#####.###.##.#
#..
'####.###..##............#
#.##
#...###.......#######..###
#.#
#._.#........###$⌠$###.#
#.#
#...###....#.##.....##.#
#####.###....#.......#.. .
.#....###..#.≈...≈.#.## #
.##........#..oo...#.#
..#......#.#..@....#.#
..##.....#.#..)....#
#.......#.≈...≈.#
#.......#†).....#
#####.#().........#
#######.####....#####
...(..).# #.#### .#####..#
#.# #..# #.#


You could see an orc priest and an orc.

Vanquished Creatures
  An orc priest (D:2)
  A dart slug (D:1)
  A leopard gecko (D:1)
  3 orcs (D:2)
  A ball python (D:2)
  8 bats
  3 giant cockroaches (D:1)
  5 goblins
  2 hobgoblins (D:1)
  4 jackals (D:1)
  A frilled lizard (D:1)
  10 kobolds
  4 rats (D:1)
44 creatures vanquished.

Notes
Turn   | Place    | Note
-------+----------+-------------------------------------------
     0 | D:1      | dembora the Draconian Berserker began the quest for the
                  | Orb.
     0 | D:1      | Reached XP level 1. HP: 19/19 MP: 1/1
    89 | D:1      | Reached XP level 2. HP: 14/26 MP: 2/2
   871 | D:1      | Reached XP level 3. HP: 28/33 MP: 3/3
   938 | D:1      | Reached ** piety under Trog
  1565 | D:2      | Found a shattered altar of Ashenzari.
  1828 | D:2      | Reached XP level 4. HP: 26/40 MP: 4/4
  1834 | D:2      | Reached skill level 4 in Fighting
  1836 | D:2      | HP: 1/40 [orc priest/divine providence (7)]
  1836 | D:2      | Slain by an orc

Skill      XL: |  1  2  3  4 |
---------------+-------------+-----
Dodging        | 3 |  3.6
Fighting       | 4 |  4.0
Axes           | |  3.6
Polearms       | |  0.2
Stealth        | |  0.3

Action                   |  1- 3 |  4- 6 || total
-------------------------+-------+-------++-------
Melee: Hand axe          |    92 |       ||    92
       Tailslap          |    12 |       ||    12
       Spear             |    16 |     2 ||    18
Invok: Berserk           |     1 |       ||     1
  Use: Scroll            |     4 |       ||     4
  Eat: Ration            |     1 |       ||     1
       Chunk             |     1 |       ||     1
Armor: Skin              |    62 |     2 ||    64
Dodge: Dodged            |   117 |       ||   117
